 Dungeon Crawl Stone Soup version 0.31-a0-265-gcf7e37af1d (webtiles) character file.

Game seed: 7988935686399662726

100 qw the Shooter (level 4, 0/36 HPs)
             Began as a Minotaur Hexslinger on July 13, 2023.
             Slain by an orc wizard
             ... wielding a +0 dagger
              (1 damage)
             ... on level 3 of the Dungeon.
             The game lasted 00:00:50 (2076 turns).

qw the Shooter (Minotaur Hexslinger)                Turns: 2076, Time: 00:00:51

Health: 0/36       AC:  7    Str: 12    XL:     4   Next: 46%
Magic:  4/4        EV: 16    Int: 10    God:
Gold:   92         SH:  0    Dex: 15    Spells: 4/5 levels left

rFire   . . .        Y - +1 sling
rCold   . . .        (no shield)
rNeg    + . .        a - +0 ring mail
rPois   .            (helmet restricted)
rElec   .            (no cloak)
rCorr   .            (no gloves)
SInv    .            (no boots)
Will    .....        (no amulet) Stlth
                     b - ring of positive energy
HPRegen 0.26/turn    i - +5 ring of evasion
MPRegen 0.09/turn

%: no passive effects
@: confused
A: horns 2, retaliatory headbutt, iridescent scales 1
a: no special abilities


You were on level 3 of the Dungeon.
You visited 1 branch of the dungeon, and saw 3 of its levels.

You collected 92 gold pieces.


Innate Abilities, Weirdness & Mutations

You have a pair of horns on your head.
You reflexively headbutt those who attack you in melee.
You are partially covered in iridescent scales. (AC +2)


   Skills:
 - Level 2.0 Fighting
 + Level 4.9 Ranged Weapons
 - Level 1.0 Armour
 - Level 2.1 Dodging
 - Level 1.0 Spellcasting
 - Level 2.0 Hexes


You had 4 spell levels left.
You knew the following spells:

 Your Spells              Type           Power      Damage    Failure   Level
a - Slow                  Hex            16%        N/A       34%         1

Your spell library contained the following spells:

 Spells                   Type           Power      Damage    Failure   Level
 Inner Flame              Hex/Fire       2%         N/A       83%         3
 Portal Projectile        Hex/Tloc       4%         N/A       83%         3
 Cause Fear               Hex            2%         N/A       98%         4

Inventory:

Hand Weapons
 Y - a +1 sling (weapon)
Armour
 a - a +0 ring mail (worn)
Jewellery
 b - a ring of positive energy (left hand)
 g - a +6 ring of intelligence
 i - a +5 ring of evasion (right hand)
Scrolls
 c - a scroll of enchant weapon {unknown}
 d - 2 scrolls of teleportation
 e - a scroll of identify
Potions
 f - a potion of attraction {unknown}
 h - a potion of mutation

Dungeon Overview and Level Annotations

Branches:
Dungeon (3/15)

Altars:
Hepliaklqana

Annotations:
D:2 1 runed translucent door, Crazy Yiuf


Message History

You hear some strange, mumbled words.
You are confused.
Something hits you but does no damage.
You shoot a sling bullet. The sling bullet hits the plant.
The plant begins to die.
The plant is lightly damaged.
You hear some strange, mumbled words.
You are more confused.
Something completely misses you.
Something hits you but does no damage. x2
You shoot a sling bullet.
Something hits you but does no damage. x2
You shoot a sling bullet.
A nearby plant withers and dies.
Something hits you but does no damage. x2
You shoot a sling bullet.
The sling bullet hits the plant but does no damage.
Something hits you. Something hits you but does no damage.
You shoot a sling bullet. Something hits you but does no damage.
Something barely misses you.
Something hits you but does no damage. x2
You shoot a sling bullet. Something hits you. x2
You shoot a sling bullet. The sling bullet hits the plant.
The plant begins to die.
The plant is lightly damaged.
Something hits you but does no damage. x2
You shoot a sling bullet.
An orc wizard appears from thin air!
Reactivating autopickup.
The orc wizard hits you with a +0 dagger.
Something closely misses you. The orc wizard barely misses you.
Something hits you.
Deactivating autopickup; reactivate with Ctrl-A.
You feel less confused.
A nearby plant withers and dies.
The orc wizard hits you but does no damage.
You hear some strange, mumbled words.
You are confused.
The orc wizard hits you but does no damage.
Something hits you.
You die...

#.# #.<...#.###^##
... #.....#.....#
#.## #.#....##.####
#. ##.###..##....#
#.###.PP.......##.#
.##......PP...##.# #
....#.#P#.....##.##.
.##...{.............#
......o@.P.P...#.#...
..#...¤P_¤¤.P....#
......#P¤........#
......P¤¤P......##
...#..#¤P¤.P....# ..
#$.##¤¤..P...# # ##
#.P..##### ##...#
#.....


You could see an orc wizard.

Vanquished Creatures
  3 adders (D:2)
  A worm (D:2)
  4 dart slugs
  2 orcs (D:3)
  5 endoplasms
  4 giant cockroaches
  3 goblins
  2 hobgoblins
  4 jackals (D:2)
  3 kobolds (D:1)
  4 quokkas
  9 ball pythons
  3 bats
  5 frilled lizards
  7 rats
59 creatures vanquished.

Notes
Turn   | Place    | Note
-------+----------+-------------------------------------------
     0 | D:1      | qw the Minotaur Hexslinger began the quest for the Orb.
     0 | D:1      | Reached XP level 1. HP: 16/16 MP: 1/1
     0 | D:1      | 0 ||| qw: Version: 0.3-a-52-g30416fa
     0 | D:1      | 0 ||| qw: Game counter: 7593
     0 | D:1      | 0 ||| qw: Melee chars always use a shield: true
     0 | D:1      | 0 ||| qw: God list: Okawaru
     0 | D:1      | 0 ||| qw: Allow faded altars: false
     0 | D:1      | 0 ||| qw: Do Orc after clearing Dungeon:15 true
     0 | D:1      | 0 ||| qw: Do second Lair branch before Depths: true
     0 | D:1      | 0 ||| qw: Lair rune preference: random
     0 | D:1      | 0 ||| qw: Goals: Normal
     0 | D:1      | 0 ||| PLANNING D:1-11
   252 | D:1      | Reached skill level 3 in Ranged Weapons
   266 | D:1      | Reached XP level 2. HP: 23/23 MP: 2/2
   551 | D:1      | Reached XP level 3. HP: 29/29 MP: 3/3
   823 | D:1      | 823 ||| READING scroll labelled WEARUG BISTREIS.
   824 | D:1      | 824 ||| READING scroll labelled ERAOHA NUGAMIDGH.
   825 | D:1      | 825 ||| DROPPING scroll of poison.
  1048 | D:2      | Reached skill level 4 in Ranged Weapons
  1153 | D:2      | Found a runed translucent door.
  1154 | D:2      | Noticed Crazy Yiuf
  1506 | D:2      | Reached XP level 4. HP: 36/36 MP: 4/4
  1809 | D:2      | 1809 ||| UPGRADING to +0 ring mail.
  1819 | D:2      | 1819 ||| DROPPING +0 robe.
  1820 | D:2      | 1820 ||| UPGRADING to ring of positive energy.
  1821 | D:2      | 1821 ||| UPGRADING to +5 ring of evasion.
  1822 | D:2      | 1822 ||| READING 3 scrolls labelled RAOFUR LOMIMN.
  1900 | D:2      | 1900 ||| READING 2 scrolls labelled PIUNLE FORPH.
  1901 | D:2      | 1901 ||| READING scroll labelled PAIDAR QADOT.
  1902 | D:2      | 1902 ||| READING scroll labelled INIEXZOUCVE.
  1903 | D:2      | 1903 ||| DRINKING 2 dark potions.
  1903 | D:2      | Gained mutation: Your flesh is cold resistant. (rC+)
                  | [potion of mutation]
  1903 | D:2      | Gained mutation: You are partially covered in iridescent
                  | scales. (AC +2) [potion of mutation]
  1903 | D:2      | Lost mutation: Your flesh is cold resistant. (rC+) [potion
                  | of mutation]
  2013 | D:3      | Found a hazy altar of Hepliaklqana.
  2045 | D:3      | Reached skill level 1 in Armour
  2063 | D:3      | HP: 7/36 [something/puff of flame (6)]
  2069 | D:3      | HP: 8/36 [something (1)]
  2073 | D:3      | HP: 2/36 [orc wizard/+0 dagger (4)]
  2076 | D:3      | Slain by an orc wizard

Levels and vault maps discovered:
D:1:      minmay_arrival_hallway, layout_basic, minmay_misc_feat_ornament,
          minmay_hedge_maze
D:2:      layout_basic, nicolae_concentric_dashed_squares_mild,
          minmay_fractal_squares_5, uniq_crazy_yiuf_cottage
D:3:      minmay_diamond_boxcup, layout_loops_cross,
          nicolae_hepliaklqana_hazy_memory, mainiacjoe_overflow_alcove_2

Skill      XL: |  1  2  3  4 |
---------------+-------------+-----
Ranged Weapons | 3 4 |  4.9
Fighting       | 2 |  2.0
Armour         | 1 |  1.0
Dodging        | |  2.1
Spellcasting   | |  1.0
Hexes          | |  2.0

Action                     |  1- 3 |  4- 6 || total
---------------------------+-------+-------++-------
   Fire: Sling             |   127 |    66 ||   193
    Use: Scroll            |     2 |     4 ||     6
         Potion            |       |     1 ||     1
 Armour: Robe              |    11 |       ||    11
         Ring mail         |       |    34 ||    34
  Dodge: Dodged            |    26 |    37 ||    63

Table legend:
 A = Non-vault XP
 B = Vault XP
 C = Vault XP percentage of total XP
 D = Non-vault monster count
 E = Vault monster count
 F = Vault count percentage of total count
                 A         B        C        D         E       F
            +---------+---------+-------+---------+---------+-------
      Total |     115 |      28 |  19.6 |      51 |       8 |  13.6
            +---------+---------+-------+---------+---------+-------
        D:1 |      42 |       0 |   0.0 |      23 |       0 |   0.0
        D:2 |      56 |      28 |  33.3 |      20 |       8 |  28.6
        D:3 |      17 |       0 |   0.0 |       8 |       0 |   0.0
            +---------+---------+-------+---------+---------+-------
